AoeStats
← Chiripa605

African Clearing

510393376Analyzed
4v4 RM · 22h ago on Sep 30, 2026· 43m 37s· 8 players
Game mode
Random Map
Map size
Large (8 player)
Population
200
Speed
Normal
Resources
Standard
Victory
Conquest
Starting age
Dark Age
Ending age
Imperial Age
RankedLock teamsTeams togetherTeam positionsShared explorationLock speedFull tech treeHidden civsTurbo modeCheats
Victory
Defeat
🇨🇳 Mongols · China
1569
+14
🇫🇷 Huns · France
1480
+17
🇩🇪 Persians · Germany
1478
+17
🇨🇳 Muisca · China
1412
+20
🇨🇿 Huns · Czechia
1543
-19
🇵🇱 Saxons · Poland
1532
-18
🇺🇸 Hindustanis · United States
1511
-17
🇪🇸 Varangians · Spain
1440
-14
Dark Horse
9:24 Loom
11:53 Feudal Age
12:50 Double-Bit Axe
19:55 Castle Age
17:58 Gold Mining
18:57 Fletching
20:39 Bodkin Arrow
20:41 Horse Collar
22:41 Padded Archer Armor
24:33 Ballistics
24:56 Husbandry
26:23 Town Watch
27:17 Bloodlines
27:09 Padded Archer Armor
29:44 Leather Archer Armor
32:55 Wheelbarrow
35:41 Imperial Age
34:15 Stone Mining
36:33 Bracer
37:35 Chemistry
37:38 Parthian Tactics
38:21 Thumb Ring
40:44 Hand Cart
41:27 Heavy Cavalry Archer
43:53 Conscription
Darealown
6:39 Loom
13:00 Feudal Age
14:06 Double-Bit Axe
16:43 Castle Age
14:26 Horse Collar
17:35 Bow Saw
17:27 Heavy Plow
22:44 Wheelbarrow
22:28 Fletching
23:51 Bodkin Arrow
24:52 Hand Cart
26:22 Ballistics
28:23 Town Watch
29:16 Scale Barding Armor
29:21 Forging
29:16 Gold Mining
29:17 Stone Mining
30:29 Chain Barding Armor
35:54 Imperial Age
34:20 Bloodlines
34:11 Husbandry
35:30 Iron Casting
36:42 Conscription
35:45 Cavalier
37:03 Plate Barding Armor
37:29 Blast Furnace
37:14 Savar
38:42 Hoardings
39:30 Two-Man Saw
39:06 Crop Rotation
42:13 Gold Shaft Mining
44:11 Kamandaran
21
4:12 Loom
12:30 Feudal Age
14:25 Double-Bit Axe
17:10 Castle Age
19:51 Bow Saw
19:22 Horse Collar
22:05 Fletching
22:44 Town Watch
28:15 Wheelbarrow
28:32 Gold Mining
28:33 Stone Mining
28:50 Stone Mining
29:25 Heavy Plow
30:08 Bodkin Arrow
32:14 Gold Shaft Mining
33:11 Gold Shaft Mining
34:37 Ballistics
38:03 Imperial Age
36:47 Hand Cart
37:18 Stone Shaft Mining
37:07 Padded Archer Armor
38:10 Leather Archer Armor
39:03 Bracer
40:04 Chemistry
39:20 Bloodlines
39:10 Husbandry
40:33 Conscription
41:04 Thumb Ring
41:14 Elite Mangudai
43:20 Caravan
橙猫猫的复仇
6:36 Loom
13:43 Feudal Age
14:48 Double-Bit Axe
17:37 Castle Age
24:31 Bow Saw
24:49 Fletching
25:55 Bodkin Arrow
27:53 Padded Archer Armor
27:53 Gold Mining
31:20 Wheelbarrow
30:43 Horse Collar
32:27 Herbalism
33:57 Ballistics
35:12 Leather Archer Armor
38:09 Murder Holes
Sergio
12:31 Feudal Age
12:38 Loom
13:16 Double-Bit Axe
15:44 Forging
22:55 Castle Age
21:25 Fletching
25:23 Horse Collar
26:03 Bodkin Arrow
27:40 Iron Casting
31:21 Bloodlines
33:21 Wheelbarrow
37:03 Imperial Age
34:47 Gold Mining
35:26 Scale Barding Armor
37:47 Bow Saw
38:12 Chain Barding Armor
38:57 Blast Furnace
37:23 Light Cavalry
38:04 Husbandry
39:14 Cavalier
41:49 Plate Barding Armor
40:45 Vendel Legacy
Gasior
13:01 Feudal Age
12:17 Loom
16:45 Castle Age
14:36 Double-Bit Axe
14:36 Horse Collar
16:34 Wheelbarrow
23:56 Stone Mining
25:27 Bow Saw
26:10 Squires
26:26 Scale Mail Armor
26:59 Heavy Plow
26:52 Gold Mining
26:57 Gambesons
28:57 Chain Mail Armor
28:57 Fletching
30:50 Forging
31:14 Bodkin Arrow
35:01 Imperial Age
33:32 Ballistics
34:40 Gold Shaft Mining
33:55 Arson
35:12 Hand Cart
36:18 Plate Mail Armor
36:50 Chemistry
35:13 Shield Wall
36:14 Conscription
36:46 Iron Casting
36:03 Elite Hearth Troop
37:41 Bracer
37:58 Siege Engineers
40:31 Two-Man Saw
39:32 Pikeman
39:42 Elite Varangian Guard
40:15 Halberdier
41:50 Hoardings
42:26 Murder Holes
43:54 Padded Archer Armor
Chiripa605
5:10 Loom
12:15 Feudal Age
12:46 Double-Bit Axe
21:40 Castle Age
21:08 Bloodlines
22:34 Bow Saw
22:36 Husbandry
22:47 Scale Barding Armor
23:56 Horse Collar
28:46 Gold Mining
28:55 Stone Mining
29:29 Forging
30:13 Fletching
31:09 Chain Barding Armor
34:10 Ballistics
35:41 Wheelbarrow
35:41 Town Watch
36:32 Scale Mail Armor
37:17 Hand Cart
41:42 Imperial Age
Joseph90
3:20 Loom
13:12 Feudal Age
14:18 Double-Bit Axe
18:07 Castle Age
17:05 Scale Barding Armor
17:28 Forging
17:45 Horse Collar
21:44 Gold Mining
24:22 Chain Barding Armor
25:18 Bloodlines
25:31 Husbandry
27:09 Heavy Plow
30:47 Wheelbarrow
29:58 Town Watch
32:32 Hand Cart
33:29 Iron Casting
38:51 Imperial Age
39:40 Scale Mail Armor
40:16 Plate Barding Armor
39:05 Cavalier
39:48 Light Cavalry
40:29 Fletching
41:40 Blast Furnace
41:09 Stone Mining
41:55 Gold Shaft Mining
Connection lost

Rejoining the realm…

Still unreachable

The connection could not be restored.

Session expired

The server has moved on; the page needs a fresh start.